% Time on Ice - SALEM BLACK JAYS
Lines # - Real PCT - Wanted PCT - Time Play
Normal Forward
1 - 35% - 36% - 19:02
2 - 31% - 31% - 16:32
3 - 23% - 23% - 12:18
4 - 11% - 10% - 6:10
Normal Defense
1 - 34% - 36% - 18:13
2 - 28% - 31% - 14:53
3 - 32% - 23% - 17:02
4 - 7% - 10% - 3:54
PP Forward
1 - 52% - 55% - 3:05
2 - 48% - 45% - 2:53
PP Defense
1 - 48% - 55% - 2:53
2 - 52% - 45% - 3:05
PK Forward
1 - 0% - 55%
2 - 0% - 45%
PK Defense
1 - 0% - 55%
2 - 0% - 45%
PK3 Forward
1 - 0% - 55%
2 - 0% - 45%
PK3 Defense
1 - 0% - 55%
2 - 0% - 45%
44 Forward
1 - 0% - 55%
2 - 0% - 45%
44 Defense
1 - 0% - 55%
2 - 0% - 45%
Last Minute Offensive  - 0:00
Last Minute Defensive  - 0:00
Total
Forward - 60:00
Defense - 60:00
% Time on Ice - RENO LIONS
Lines # - Real PCT - Wanted PCT - Time Play
Normal Forward
1 - 32% - 36% - 17:17
2 - 27% - 31% - 14:45
3 - 21% - 23% - 11:13
4 - 20% - 10% - 10:47
Normal Defense
1 - 33% - 36% - 17:56
2 - 35% - 34% - 18:39
3 - 27% - 24% - 14:38
4 - 5% - 6% - 2:49
PP Forward
1 - 0% - 55%
2 - 0% - 45%
PP Defense
1 - 0% - 55%
2 - 0% - 45%
PK Forward
1 - 49% - 55% - 2:54
2 - 51% - 45% - 3:04
PK Defense
1 - 59% - 55% - 3:30
2 - 41% - 45% - 2:28
PK3 Forward
1 - 0% - 55%
2 - 0% - 45%
PK3 Defense
1 - 0% - 55%
2 - 0% - 45%
44 Forward
1 - 0% - 55%
2 - 0% - 45%
44 Defense
1 - 0% - 55%
2 - 0% - 45%
Last Minute Offensive  - 0:00
Last Minute Defensive  - 0:00
Total
Forward - 60:00
Defense - 60:00
Play-by-Play 1st period 0:01 of 1st period - Dylan Larkin wins face-off versus Dylan Strome in neutral zone. 0:25 of 1st period - Off-side. 0:26 of 1st period - Pierre-Luc Dubois wins face-off versus Mathew Barzal in neutral zone. 0:53 of 1st period - Shot by Mathew Barzal. 0:53 of 1st period - Shot Misses the Net. 0:55 of 1st period - Shot by Cody Ceci. 0:55 of 1st period - Shot Hit the Post. 0:57 of 1st period - Shot by Mathew Barzal. 0:57 of 1st period - Shot Misses the Net. 0:59 of 1st period - Shot by Mathew Barzal. 0:59 of 1st period - Shot Misses the Net. 1:01 of 1st period - Shot by Barrett Hayton. 1:01 of 1st period - Stopped by Stuart Skinner without a rebound. 1:02 of 1st period - Dylan Cozens wins face-off versus Trent Frederic in RENO LIONS zone. 1:11 of 1st period - Shot by Daniel Sprong. 1:11 of 1st period - Goal by Daniel Sprong - SALEM BLACK JAYS : 1 - RENO LIONS : 0. 1:12 of 1st period - Dylan Cozens wins face-off versus Alex Steeves in neutral zone. 1:20 of 1st period - Shot by Dylan Cozens. 1:20 of 1st period - Shot Misses the Net. 1:47 of 1st period - Icing by Matt Benning. 1:48 of 1st period - Dylan Cozens wins face-off versus Vitali Kravtsov in SALEM BLACK JAYS zone. 1:48 of 1st period - Matt Benning is hit by Nicholas Ritchie and loses puck. 2:14 of 1st period - Trent Frederic is hit by Derek Grant and loses puck. 2:40 of 1st period - Shot by Mikko Rantanen. 2:40 of 1st period - Goal by Mikko Rantanen - SALEM BLACK JAYS : 2 - RENO LIONS : 0. 2:41 of 1st period - Elias Pettersson wins face-off versus Mathew Barzal in neutral zone. 3:04 of 1st period - Shot by Dylan Strome. 3:04 of 1st period - Goal by Dylan Strome - SALEM BLACK JAYS : 2 - RENO LIONS : 1. 3:05 of 1st period - Pierre-Luc Dubois wins face-off versus Mitchell Marner in neutral zone. 3:48 of 1st period - Off-side. 3:49 of 1st period - Dylan Cozens wins face-off versus Elias Pettersson in neutral zone. 4:00 of 1st period - Dylan Cozens is hit by Dylan Strome and loses puck. 4:22 of 1st period - Shot by Kirill Kaprizov. 4:22 of 1st period - Stopped by Juuse Saros with a rebound. 4:50 of 1st period - Shot by Trent Frederic. 4:50 of 1st period - Shot Misses the Net. 4:52 of 1st period - Shot by Ethan Bear. 4:52 of 1st period - Stopped by Juuse Saros without a rebound. 4:53 of 1st period - Alex Steeves wins face-off versus Mathew Barzal in SALEM BLACK JAYS zone. 5:33 of 1st period - Shot by Martin Necas. 5:33 of 1st period - Deflect By Barrett Hayton. 5:33 of 1st period - Shot Blocked by Mattias Samuelsson. 5:52 of 1st period - Icing by Mattias Samuelsson. 5:53 of 1st period - Dylan Larkin wins face-off versus Alex Steeves in RENO LIONS zone. 6:14 of 1st period - Shot by Dylan Larkin. 6:14 of 1st period - Stopped by Stuart Skinner without a rebound. 6:15 of 1st period - Pierre-Luc Dubois wins face-off versus Dylan Cozens in RENO LIONS zone. 6:15 of 1st period - Pierre-Luc Dubois is hit by Maxime Comtois. 6:33 of 1st period - Shot by Pierre-Luc Dubois. 6:33 of 1st period - Shot Misses the Net. 6:35 of 1st period - Shot by Trevor van Riemsdyk. 6:35 of 1st period - Stopped by Juuse Saros without a rebound. 6:36 of 1st period - Dylan Larkin wins face-off versus Elias Pettersson in SALEM BLACK JAYS zone. 7:28 of 1st period - Icing by Mikko Rantanen. 7:29 of 1st period - Dylan Larkin wins face-off versus Pierre-Luc Dubois in SALEM BLACK JAYS zone. 8:03 of 1st period - Icing by Cody Ceci. 8:04 of 1st period - Dylan Cozens wins face-off versus Trent Frederic in SALEM BLACK JAYS zone. 8:04 of 1st period - Joshua Morrissey is hit by Nicholas Ritchie. 8:22 of 1st period - Shot by Joshua Morrissey. 8:22 of 1st period - Shot Misses the Net. 8:41 of 1st period - Mathew Barzal is hit by Mattias Samuelsson and loses puck. 8:45 of 1st period - Martin Necas is hit by Mattias Samuelsson and loses puck. 9:00 of 1st period - Shot by Mathew Barzal. 9:00 of 1st period - Shot Hit the Post. 9:02 of 1st period - Shot by Joshua Morrissey. 9:02 of 1st period - Shot Blocked by Juuso Valimaki. 9:43 of 1st period - Shot by Kirill Kaprizov. 9:43 of 1st period - Stopped by Juuse Saros without a rebound. 9:44 of 1st period - Dylan Cozens wins face-off versus Pierre-Luc Dubois in SALEM BLACK JAYS zone. 9:57 of 1st period - Shot by Derek Grant. 9:57 of 1st period - Stopped by Stuart Skinner without a rebound. 9:58 of 1st period - Elias Pettersson wins face-off versus Dylan Larkin in RENO LIONS zone. 10:08 of 1st period - Elias Pettersson is hit by Scott Mayfield and loses puck. 10:13 of 1st period - Shot by Elias Pettersson. 10:13 of 1st period - Shot Misses the Net. 10:15 of 1st period - Shot by Trevor van Riemsdyk. 10:15 of 1st period - Stopped by Juuse Saros without a rebound. 10:16 of 1st period - Mathew Barzal wins face-off versus Pierre-Luc Dubois in SALEM BLACK JAYS zone. 10:16 of 1st period - Mathew Barzal is hit by Patrick Brown. 10:19 of 1st period - Minor Penalty to Patrick Brown for Kneeing. 10:20 of 1st period - Pierre-Luc Dubois wins face-off versus Mathew Barzal in RENO LIONS zone. 10:49 of 1st period - Shot by Mikko Rantanen. 10:49 of 1st period - Shot Misses the Net. 11:56 of 1st period - Shot by Dylan Larkin. 11:56 of 1st period - Shot Misses the Net. 11:58 of 1st period - Shot by Joshua Morrissey. 11:58 of 1st period - Shot Misses the Net. 12:00 of 1st period - Shot by Barrett Hayton. 12:00 of 1st period - Stopped by Stuart Skinner without a rebound. 12:01 of 1st period - Mathew Barzal wins face-off versus Trent Frederic in RENO LIONS zone. 12:34 of 1st period - Shot by Dylan Strome. 12:34 of 1st period - Shot Misses the Net. 15:22 of 1st period - Shot by Mitchell Marner. 15:22 of 1st period - Shot Misses the Net. 15:28 of 1st period - Shot by Dylan Larkin. 15:28 of 1st period - Shot Misses the Net. 15:46 of 1st period - Scott Mayfield is hit by Kirill Kaprizov and loses puck. 15:56 of 1st period - Off-side. 15:57 of 1st period - Mathew Barzal wins face-off versus Alex Steeves in neutral zone. 16:08 of 1st period - Shot by Martin Necas. 16:08 of 1st period - Shot Misses the Net. 17:00 of 1st period - Shot by Max Domi. 17:00 of 1st period - Stopped by Juuse Saros without a rebound. 17:01 of 1st period - Dylan Larkin wins face-off versus Elias Pettersson in SALEM BLACK JAYS zone. 17:03 of 1st period - Icing by Mitchell Marner. 17:04 of 1st period - Dylan Larkin wins face-off versus Pierre-Luc Dubois in SALEM BLACK JAYS zone. 17:33 of 1st period - Shot by Mikko Rantanen. 17:33 of 1st period - Stopped by Stuart Skinner with a rebound. 18:04 of 1st period - Mikko Rantanen is hit by Trevor van Riemsdyk. 18:18 of 1st period - Shot by Kirill Kaprizov. 18:18 of 1st period - Deflect By Elias Pettersson. 18:18 of 1st period - Shot Blocked by Cody Ceci. 18:34 of 1st period - Shot by Elias Pettersson. 18:34 of 1st period - Deflect By Kirill Kaprizov. 18:34 of 1st period - Stopped by Juuse Saros without a rebound. 18:35 of 1st period - Mathew Barzal wins face-off versus Trent Frederic in SALEM BLACK JAYS zone. 18:35 of 1st period - Mathew Barzal is hit by Nicholas Ritchie. 19:07 of 1st period - Shot by Martin Necas. 19:07 of 1st period - Deflect By Mathew Barzal. 19:07 of 1st period - Stopped by Stuart Skinner without a rebound. 19:08 of 1st period - Dylan Cozens wins face-off versus Andreas Johnsson in RENO LIONS zone. 19:08 of 1st period - Dylan Cozens is hit by Mattias Samuelsson. Goals for this period are 2 for SALEM BLACK JAYS vs 1 for RENO LIONS. Shots for this period are 8 for SALEM BLACK JAYS vs 8 for RENO LIONS. 2nd period 0:01 of 2nd period - Elias Pettersson wins face-off versus Dylan Larkin in neutral zone. 0:35 of 2nd period - Shot by Kirill Kaprizov. 0:35 of 2nd period - Shot Misses the Net. 0:39 of 2nd period - Shot by Elias Pettersson. 0:39 of 2nd period - Stopped by Juuse Saros without a rebound. 0:40 of 2nd period - Pierre-Luc Dubois wins face-off versus Mathew Barzal in SALEM BLACK JAYS zone. 0:55 of 2nd period - Dante Fabbro is hit by Barrett Hayton and loses puck. 1:04 of 2nd period - Shot by Martin Necas. 1:04 of 2nd period - Stopped by Stuart Skinner without a rebound. 1:05 of 2nd period - Dylan Cozens wins face-off versus Trent Frederic in RENO LIONS zone. 1:06 of 2nd period - Shot by Maxime Comtois. 1:06 of 2nd period - Shot Misses the Net. 1:24 of 2nd period - Shot by Nicholas Ritchie. 1:24 of 2nd period - Stopped by Juuse Saros without a rebound. 1:25 of 2nd period - Dylan Larkin wins face-off versus Elias Pettersson in SALEM BLACK JAYS zone. 1:47 of 2nd period - Shot by Mitchell Marner. 1:47 of 2nd period - Shot Blocked by Brady Skjei. 1:49 of 2nd period - Shot by Mikko Rantanen. 1:49 of 2nd period - Deflect By Mitchell Marner. 1:49 of 2nd period - Stoppe